Cogmind - Beta 17 @@@ ROGUE MODE // 2026.08.05 @ 21:05:27 Player: 4R-ZE3 Result: Self-destructed Performance ------------- Evolutions (0) 0 Regions Visited (3) 600 Robots Destroyed (26) 130 Value Destroyed (596) 596 Prototype IDs (0) 0 Alien Tech Used (0) 0 Bonus (300) 300 TOTAL SCORE: 1626 Bonus ------- Registered with UFD 300 Cogmind --------- Core Integrity 48/250 Matter 290/300 Energy 125/125 System Corruption 0% Temperature Cool (0) Movement Treading (240) Ox1 Location -8/Scraptown Parts ------- > --- POWER (1) -------- Light Ion Engine > --- PROPULSION (2) --- Light Treads Light Treads > --- UTILITY (2) ------ High-capacity Storage Unit > --- WEAPON (2) ------- Subdweller Laser Light Assault Rifle > --- INVENTORY (20) --- Subdweller Power Source Subdweller Power Source Light Treads Subdweller Monowheel Subdweller Monowheel Subdweller Monowheel Small Storage Unit Hacking Suite Small Laser Small Laser Small Laser Small Laser Subdweller Laser Light Assault Rifle Light Assault Rifle Light Assault Rifle Mining Laser DRS Beacon (Ready) Peak State ------------ > --- POWER ------------ Ion Engine > --- PROPULSION ------- Light Treads Light Treads > --- UTILITY ---------- Improved Heat Sink High-capacity Storage Unit > --- WEAPON ----------- Medium Laser Light Assault Rifle > --- INVENTORY -------- Light Ion Engine Light Treads Light Treads Light Treads Small Storage Unit Small Laser Small Laser Small Laser Light Assault Rifle Light Assault Rifle Light Assault Rifle Light Assault Rifle Mining Laser [Rating: 10] Favorites ----------- Power Light Ion Engine Engine Light Ion Engine Propulsion Light Treads Treads Light Treads Utility High-capacity Storage Unit Device Seismic Detector Storage High-capacity Storage Unit Protection Light Armor Plating Weapon Light Assault Rifle Energy Gun Subdweller Laser Ballistic Gun Light Assault Rifle Build | -11 -10 -10 -8 ------- Run | Yrd Mat Sub Scr Slots Evolved . | . . . . Power . | . . . . Propulsion . | . . . . Utility . | . . . . Weapon . | . . . . Parts Attached 21 | 6 10 5 . Power 3 | 1 2 . . Engine 3 | 1 2 . . Core . | . . . . Reactor . | . . . . Propulsion 6 | 2 2 2 . Treads 6 | 2 2 2 . Leg . | . . . . Wheel . | . . . . Hover . | . . . . Flight . | . . . . Utility 5 | 1 4 . . Device 2 | . 2 . . Storage 2 | 1 1 . . Processor . | . . . . Hackware . | . . . . Protection 1 | . 1 . . Artifact . | . . . . Weapon 7 | 2 2 3 . Energy Gun 3 | 1 1 1 . Energy Cannon . | . . . . Ballistic Gun 4 | 1 1 2 . Ballistic Cannon . | . . . . Launcher . | . . . . Special Weapon . | . . . . Impact Weapon . | . . . . Slashing Weapon . | . . . . Piercing Weapon . | . . . . Special Melee Weapon . | . . . . Unidentified Prototypes . | . . . . Parts Lost 9 | . 4 5 . Power 2 | . 2 . . Propulsion 2 | . . 2 . Utility 3 | . 2 1 . Weapon 2 | . . 2 . Highest Loss Streak 3 | . 2 3 . To Critical Strikes . | . . . . Average Backups 14 | . 11 15 17 Power 1 | . . 1 2 Propulsion 3 | . 3 3 4 Utility 1 | . 1 2 2 Weapon 7 | . 5 8 9 Tool/Special . | . . . . Unused Backups 14 | . . . 14 Power 2 | . . . 2 Propulsion 4 | . . . 4 Utility 1 | . . . 1 Weapon 7 | . . . 7 Tool/Special . | . . . . Average Slot Usage (%) 89 | . 97 85 85 Engine 13 | . 12 14 14 Treads 28 | . 28 28 28 Device 1 | . 4 . . Storage 14 | . 14 14 14 Protection 2 | . 7 . . Energy Gun 10 | . 14 6 14 Ballistic Gun 17 | . 14 21 14 Peak Build Rating 10 | 6 10 9 10 Average Rating 8 | 4 7 7 9 On Entrance 5 | . 6 8 9 Avg Prop Armor Cover (%) . | . . . . Naked Turns . | . . . . Heaviest Build 51 | 10 51 48 48 Greatest Support 40 | 40 40 40 40 Greatest Overweight (x) 1 | . 1 1 1 Average Overweight (x) . | . . 1 1 Largest Inventory Capacity 20 | 8 20 20 20 Average Capacity 19 | 7 19 20 20 Most Carried 18 | 1 14 18 18 Average Carried 14 | . 11 15 17 Final Capacity 20 | 8 20 20 20 Final Carried 18 | 1 14 17 18 Class Distribution -------------------- 100% | Mutant Dominant Class ---------------- Mutant | -10/Materials Mutant | -10/Subcaves Mutant | -8/Scraptown Resources | -11 -10 -10 -8 ----------- Run | Yrd Mat Sub Scr Matter Collected 543 | 189 223 131 . Remotely . | . . . . Salvage Created 795 | . 586 209 . Parts 53 | . 38 15 . Haulers Intercepted 2 | . 2 . . Recyclers Shooed . | . . . . Parts Field Recycled . | . . . . Retrieved Matter . | . . . . Parts Self-Destructed 5 | . . 5 . Prevented . | . . . . Parts Restored . | . . . . Kills | -11 -10 -10 -8 ------- Run | Yrd Mat Sub Scr Combat Hostiles Destroyed 22 | . 17 5 . Guns 22 | . 17 5 . Classes Destroyed 6 | . 5 1 . Worker 1 | . 1 . . Hauler 2 | . 2 . . Operator 1 | . 1 . . Swarmer 9 | . 9 . . Grunt 8 | . 8 . . Subdweller 5 | . . 5 . Best Kill Streak 3 | . 3 2 . Combat Bots Only 3 | . 3 2 . Max Kills in Single Turn 1 | . 1 1 . Gunslinging . | . . . . Exploded . | . . . . Melee . | . . . . Uniques/NPCs Destroyed . | . . . . Combat | -11 -10 -10 -8 -------- Run | Yrd Mat Sub Scr Hostile Shots Fired 137 | . 93 44 . Missed 35 | . 22 13 . Hits 102 | . 71 31 . Projectile 102 | . 71 31 . Critical Strikes 2 | . 1 1 . Damage Taken 1417 | . 764 653 . Core 202 | . 74 128 . Absorbed by Shields . | . . . . Core Remaining (%) 100 | 100 . . . Volleys Fired 89 | . 62 27 . Largest 2 | . 2 2 . Hottest 70 | . 70 70 . Shots Fired 178 | . 124 54 . Gun 178 | . 124 54 . Cannon . | . . . . Launcher . | . . . . Special . | . . . . Kinetic 111 | . 62 49 . Thermal 67 | . 62 5 . Explosive . | . . . . Electromagnetic . | . . . . Robot Hit Streak 18 | . 18 15 . Robot Miss Streak 3 | . 3 1 . Penetration Max . | . . . . Secondary Targets 3 | . 3 . . Max Gunslinging Chain 1 | . 1 . . Shots Hit Robots 135 | . 89 46 . Core Hits 47 | . 35 12 . Critical Kills . | . . . . Critical Parts Destroyed . | . . . . Critical Strikes 1 | . 1 . . Burn 1 | . 1 . . Melee Attacks . | . . . . Impact . | . . . . Slashing . | . . . . Piercing . | . . . . Sneak Attacks . | . . . . Combat Hostiles . | . . . . Follow-up Attacks . | . . . . Damage Inflicted 1357 | . 893 464 . Guns 1357 | . 893 464 . Cannons . | . . . . Explosions . | . . . . Melee . | . . . . Ramming . | . . . . Kinetic 741 | . 314 427 . Thermal 616 | . 579 37 . Explosive . | . . . . Electromagnetic . | . . . . Impact . | . . . . Slashing . | . . . . Piercing . | . . . . Highest Corruption . | . . . . Average Corruption . | . . . . Corruption Purged . | . . . . Corruption Blocked . | . . . . Overload Shots . | . . . . Overflow Damage . | . . . . Projectiles . | . . . . Explosions . | . . . . Melee . | . . . . Knockbacks . | . . . . Impact . | . . . . Kinetic . | . . . . Secondary . | . . . . Self-Inflicted Damage . | . . . . Shots . | . . . . Rammed . | . . . . Targets Rammed . | . . . . Kicked . | . . . . Crushed . | . . . . Highest Temperature 317 | . 317 . . Average Temperature 84 | . 84 . . Received Heat Transfer 489 | . 333 156 . Siege Activations . | . . . . Martial Activations . | . . . . Shielding Activations . | . . . . Robots Disrupted . | . . . . Combat Hostiles . | . . . . Robots Corrupted . | . . . . Combat Hostiles . | . . . . Parts Fried . | . . . . Impact Corruptions . | . . . . Robots Melted . | . . . . Combat Hostiles . | . . . . Parts Melted 6 | . 5 1 . Heat Transferred 1722 | . 1611 111 . Parts Sabotaged . | . . . . Parts Stolen . | . . . . Parts Stripped . | . . . . Power Chain Reactions . | . . . . Alert | -11 -10 -10 -8 ------- Run | Yrd Mat Sub Scr Maximum Alert Level . | . . . . Low Security (%) 100 | 100 100 . . Level 1 . | . . . . Level 2 . | . . . . Level 3 . | . . . . Level 4 . | . . . . Level 5 . | . . . . High Security . | . . . . Max Security . | . . . . Peak Influence 118 | . 118 . . Initial . | . . . . Average 42 | . 44 . . Influence Increases 424 | . 424 . . Destroy 0b10 Robot/C 340 | . 340 . . Destroy 0b10 Robot/NC 20 | . 20 . . Destroy Leader 64 | . 64 . . Influence Decreases 424 | . 372 52 . Entered New Map 26 | . . 26 . Time Decay 348 | . 332 16 . Lost Part 50 | . 40 10 . Squads Dispatched 2 | . 2 . . Investigation 1 | . 1 . . Extermination . | . . . . Reinforcement 1 | . 1 . . Assault . | . . . . Garrison . | . . . . Intercept . | . . . . Searches Triggered . | . . . . Construction Impeded . | . . . . Haulers Reinforced . | . . . . Active Scanning Responses . | . . . . Cargo Convoy Interrupts . | . . . . Stealth | -11 -10 -10 -8 --------- Run | Yrd Mat Sub Scr Distress Signals . | . . . . Communications Jammed . | . . . . Distress Signals . | . . . . Times Spotted 31 | . 24 7 . Peak Tracking Total 5 | . 5 2 . Tactical Retreats . | . . . . Traps | -11 -10 -10 -8 ------- Run | Yrd Mat Sub Scr Traps Triggered 2 | . 2 . . Indirectly . | . . . . Trap Hack Attempts . | . . . . Triggered . | . . . . Disarmed . | . . . . Reprogrammed . | . . . . Reused . | . . . . Traps Extracted . | . . . . Installed . | . . . . Triggered . | . . . . Machines | -11 -10 -10 -8 ---------- Run | Yrd Mat Sub Scr Machines Disabled . | . . . . Max in Single Turn . | . . . . Machines Repaired . | . . . . Machines Dismantled . | . . . . Machines Sabotaged . | . . . . Overloaded Fab Kills . | . . . . Hacking | -11 -10 -10 -8 --------- Run | Yrd Mat Sub Scr Machines Accessed 3 | . 3 . . Terminals 2 | . 2 . . Fabricators . | . . . . Repair Stations . | . . . . Recycling Units 1 | . 1 . . Scanalyzers . | . . . . Garrison Access . | . . . . Total Hacks 5 | . 5 . . Successful 1 | . 1 . . Failed 4 | . 4 . . Catastrophic 1 | . 1 . . Database Lockouts . | . . . . Manual 3 | . 3 . . Terminals 3 | . 3 . . Fabricators . | . . . . Repair Stations . | . . . . Recycling Units 2 | . 2 . . Scanalyzers . | . . . . Garrison Access . | . . . . Terminal Hacks . | . . . . Fabricator Hacks . | . . . . Repair Station Hacks . | . . . . Recycling Unit Hacks 1 | . 1 . . Retrieve Components 1 | . 1 . . Scanalyzer . | . . . . Garrison Access Hacks . | . . . . Unauthorized Hacks . | . . . . Terminals . | . . . . Fabricators . | . . . . Repair Stations . | . . . . Recycling Units . | . . . . Scanalyzers . | . . . . Garrison Access . | . . . . Data Cores Recovered . | . . . . Used . | . . . . Hacking Detections 2 | . 2 . . Full Trace Events . | . . . . Feedback Events . | . . . . Feedback Blocked . | . . . . Robot Schematics Acquired . | . . . . Robots Built . | . . . . Authchips . | . . . . Time . | . . . . Total Robot Build Rating . | . . . . Part Schematics Acquired . | . . . . Parts Built . | . . . . Authchips . | . . . . Time . | . . . . Total Part Build Rating . | . . . . Part Studies Acquired . | . . . . Parts Repaired . | . . . . Time . | . . . . Parts Recycled . | . . . . Recycled Matter . | . . . . Retrieved Matter . | . . . . Retrieved Components 8 | . 8 . . Parts Scanalyzed . | . . . . Part Schematics Acquired . | . . . . Parts Damaged . | . . . . Bothacking | -11 -10 -10 -8 ------------ Run | Yrd Mat Sub Scr Used RIF Installer . | . . . . Robots Hacked . | . . . . Non-combat . | . . . . Combat . | . . . . Robot Hacks Applied . | . . . . Relay Couplers Released . | . . . . Fabnet Peak Effective % . | . . . . Robots Rewired . | . . . . Allies Hacked . | . . . . Hacks Repelled . | . . . . Allies | -11 -10 -10 -8 -------- Run | Yrd Mat Sub Scr Total Allies . | . . . . Largest Group . | . . . . Highest-Rated Group . | . . . . Highest-Rated Ally . | . . . . Total Orders . | . . . . Ally Attacks . | . . . . Total Damage . | . . . . Kills . | . . . . Allies Corrupted . | . . . . Allies Melted . | . . . . Intel | -11 -10 -10 -8 ------- Run | Yrd Mat Sub Scr Active Infowar (turns) 403 | . 361 42 . Seismic 403 | . 361 42 . Robot Analysis Total . | . . . . Derelict Logs Recovered 5 | . . 1 4 Drone Launches . | . . . . Drone Recoveries . | . . . . Exploration | -11 -10 -10 -8 ------------- Run | Yrd Mat Sub Scr Turns Passed 3426 | 62 1129 1511 724 Spaces Moved 1311 | 36 385 589 301 Core 4 | 4 . . . Treads 1307 | 32 385 589 301 Legs . | . . . . Wheels . | . . . . Hover . | . . . . Flight . | . . . . Fastest Speed 50 | 50 160 240 240 Average Speed 235 | 147 234 240 240 Slowest Speed 240 | 160 240 240 240 Overloaded Moves . | . . . . Propulsion Burnouts . | . . . . Robots Hopped . | . . . . Potential Cave-ins . | . . . . Cave-ins Triggered . | . . . . Exploration Rate (%) 40 | 3 71 48 41 Regions Visited 3 Branch Regions 2 Pre-discovered Areas 2 | . . . 2 Known Exits Taken . | . . . . Unknown Exits Taken 3 | 1 1 1 . Scrap Searched . | . . . . Spaces Dug . | . . . . Terrain Destroyed . | . . . . Melee . | . . . . Projectile . | . . . . AOE . | . . . . Terrain Rammed . | . . . . Walls Destroyed . | . . . . Machines Disabled . | . . . . Actions | -11 -10 -10 -8 --------- Run | Yrd Mat Sub Scr Total 1477 | 42 496 637 302 Wait 32 | . 22 10 . Move 1308 | 35 384 588 301 Hop . | . . . . Pick Up 23 | 1 14 7 1 Fast Attach 13 | 6 7 . . Attach 7 | . 3 4 . Detach . | . . . . Swap 3 | . 2 1 . Drop 2 | . 2 . . Fire 89 | . 62 27 . Melee . | . . . . Ram . | . . . . Kick . | . . . . Crush . | . . . . Escape Stasis . | . . . . Rewire . | . . . . Trap . | . . . . Miscellaneous . | . . . . Route ------- -11/Scrapyard -10/Materials (discovered 5 exits: [*Mat x3] / [*Min] / [*Sub]) -10/Subcaves -8/Scraptown History --------- Turn | Location | Event 18 | -11/Scrapyard | Discovered new exit (range 15) 63 | -11/Scrapyard | Entered Materials 244 | -10/Materials | Discovered new exit (range 8) 315 | -10/Materials | Build established: Mutant 354 | -10/Materials | Discovered new exit (range 15) 912 | -10/Materials | Discovered new exit (range 3) 1041 | -10/Materials | Discovered new exit (range 15) 1180 | -10/Materials | Discovered new exit (range 6) 1192 | -10/Materials | Entered Subcaves 1193 | -10/Subcaves | Approached by a straggling Scientist 1265 | -10/Subcaves | Lost 3 parts (1n1u1w) 1979 | -10/Subcaves | Core integrity fell below 50% 2313 | -10/Subcaves | Learned Materials security intel 2696 | -10/Subcaves | Core integrity fell below 20% 2703 | -10/Subcaves | Entered Scraptown 2879 | -8/Scraptown | Scanned Subdweller tech in exchange for log data 2886 | -8/Scraptown | Learned location of Armory (-3) 2888 | -8/Scraptown | Learned location of Extension (-6) 3008 | -8/Scraptown | Visited UFD Registry 3008 | -8/Scraptown | Registered with UFD as "Thermoglider" 3059 | -8/Scraptown | Visited Observation Area 3092 | -8/Scraptown | Visited Scrap Suit Storage 3176 | -8/Scraptown | Visited Derelict Rescue Squad 3193 | -8/Scraptown | Found DRS Beacon 3256 | -8/Scraptown | Visited Supply Room 3307 | -8/Scraptown | Visited Junk Repository 3348 | -8/Scraptown | Visited Scrapoid Pod Storage 3386 | -8/Scraptown | Visited Abandonware Association 3424 | -8/Scraptown | Visited Research Penetration Think Tank 3427 | -8/Scraptown | Self-destructed Last Messages --------------- IX-OTK(h): Welcome to the UFD, Thermoglider! If you're planning on visiting any caves around the 0b10 area, I suggest you take this beacon. You're in luck, this is the last one we have to hand out this cycle. Just drop it and activate, we'll send help as soon as possible. If you end up not using it, bring it on back so we can hand it off to another brave explorer. Resources are limited, after all, and a single beacon will only work once, as we have to spread the help around. 03193_ Acquired DRS Beacon. 03256_ LOCAL NARROWCAST: Supplies. 03307_ LOCAL NARROWCAST: Repository. 03348_ LOCAL NARROWCAST: Scrapoid Pod Storage. 03386_ LOCAL NARROWCAST: Abandonware Association. Hack the planet. 03424_ LOCAL NARROWCAST: Research Penetration Think Tank. Map ----- +----------------------------------------------------+ | ?????????????????????????????????????????????????? | | ?????????????????????????????????????????????????? | | ?????????????????????????????????????????????????? | | ?????????????????????????????????????????????????? | | ?????????????????????????????????????????????????? | | ?????????????????????????????????????????????????? | | ?????????????????????????????????????????????????? | | ?????????????????????????????????????????????????? | | ?????????????????????????????????????????????????? | | ?????????????????????????????????????????????????? | | ?????????????????????????????????????????????????? | | ?????????????????????????????????????????????????? | | ?????????????????????????????????????????????????? | | ?????????????????????????????????????????????????? | | ?????????????????????????????????????????????????? | | ????????????????????????????????????????##???????? | | ????????????????????????????????????????"#???????? | | ?????????? ???????#########????#???????" #???????? | | ????????? #??????#""""""""#???# ????? #???????? | | ???????? #??????#""""" ""#???# ????" #??###### | | ???????? #??????#"" c "#???# "???" #??#""""" | | ???????? #??????#"" "#???# "###" #??#" ! | | ???????? #???????"" #???# """"" #??#" | | ???????? #????????? "#????? #???" | | ???????? #??????????? #??????? ??????? | | ???????? ?????????????#@#?????????# #?????????# | | ######## ####???????##### ########### ########### | | #???????#"""" """"""""""" """"""""""" | | #???????#" | | #???????#" | | #???????#" | | #???????#" | | ### #???????#" | | ??# #??????"" """"""""""""""""""""""" | | ??# #??????"" """"""""""""""""""""""" | | ??# #?????""" ""###### ############# | | ??# #?????""" ""#???? ???????????? | | ??# #??????"" ""????? ???????????? | | ??# ###?#??"" ""?????" "???????????? | | ??# ""#"#??"" ""?????? ????????????? | | ??# """"#???" ""???????????????###### | | ??# ""###???#" "" ????????????? | | ??# ###?????#" "" ????????????? | | # #########" ""#????? ??????####### | | ""#???? ???????????? | | " # ""#????" ""??????????? | | ### ""#???? ??????????? | | ??# ""#???? ???????????? | | ??# ""###### ############# | | """"""""""""""""""""""" | +----------------------------------------------------+ Best States ------------- Heat Dissipation 39 Energy Generation 10 Energy Capacity 250 Matter Stores 300 Matter Capacity 300 Sight Range 16 Terrain Scan Density 10 Armor Coverage 150 Evasion (%) 40 Recoil Reduction 2 Item Schematics ----------------- None Robot Schematics ------------------ None Fabricated ------------ Nothing Repaired ---------- Nothing Studied --------- None Alien Tech Used ----------------- None Achievements -------------- None Challenges ------------ None Game ------ Seed HardcellWeldingManipulator Manual? 0 Play Time 00:09:39 Cumulative 176.3 hours Start 2026.08.05 @ 20:56:49 End 2026.08.05 @ 21:05:27 Sessions 1 Manual Loads 0 Difficulty Rogue Special Mode None Game No. 186 Rogue 132 Adventurer 54 Explorer 0 Win Type - Total 8 Types 4/0/1/1/0/0/0/1/0/1 Lore% 66 Gallery% 58 Achievement% 55 Wizard Run 0 Options --------- Layout 1 ASCII 0 Keyboard 0 Movement Mouse Keybinds 1 Fullscreen 2 Font 32/Tamsyn Map View 50x35 Zoom Use 0% Tactical HUD 1 Map Filters NONE Filters NONE Steam 1 RUN: ea21ed79-e78c-4767-bd83-b8007284f1c1